 Dungeon Crawl Stone Soup version 0.28-a0-664-gc179e30c89 (webtiles) character file.

Game seed: 6456335842379292392

1190 Rennog the Ruffian (level 8, -1/79 HPs)
             Began as a Troll Fighter on Oct 15, 2021.
             Was an Initiate of Cheibriados.
             Slain by an orc warrior (20 damage)
             ... on level 7 of the Dungeon.
             The game lasted 00:07:42 (2822 turns).

Rennog the Ruffian (Troll Fighter)                  Turns: 2822, Time: 00:07:43

Health: -1/79      AC:  4    Str: 26    XL:     8   Next: 19%
Magic:  7/7        EV:  8    Int:  6    God:    Cheibriados [......]
Gold:   203        SH:  7    Dex: 11    Spells: 7/7 levels left

rFire   . . .      SeeInvis .     - Unarmed
rCold   . . .      Faith    .   b - +0 kite shield
rNeg    . . .      Spirit   .   n - +0 acid dragon scales
rPois   .          Reflect  .   (helmet restricted)
rElec   .          Harm     .   (no cloak)
rCorr   +          Rampage  .   (gloves unavailable)
Will    .....                   (boots unavailable)
Stlth   +.........              (no amulet)
HPRegen 1.23/turn               (no ring)
MPRegen 0.10/turn               (no ring)

@: mighty, corroded, very slow
A: large, unfitting armour, claws 3, regeneration 1, shaggy fur 1, tough skin 1
a: Renounce Religion, Bend Time


You were on level 7 of the Dungeon.
You worshipped Cheibriados.
Cheibriados was noncommittal.
You visited 1 branch of the dungeon, and saw 7 of its levels.

You collected 203 gold pieces.

Inventory:

Armour
 a - a +0 robe
 b - a +0 kite shield (worn)
 n - +0 acid dragon scales (worn)
Jewellery
 k - a ring of fire
Scrolls
 d - a scroll of torment {unknown}
 e - a scroll of identify
 l - a scroll of magic mapping {unknown}
 m - a scroll of immolation
Potions
 g - a potion of brilliance
 j - a potion of lignification {unknown}


   Skills:
 + Level 4.5 Fighting
 + Level 2.4 Armour
 + Level 4.5 Dodging
 - Level 2.4 Shields
 * Level 6.8 Unarmed Combat


You had 7 spell levels left.
You didn't know any spells.
Your spell library was empty.

Dungeon Overview and Level Annotations

Branches:
Dungeon (8/15)
 Temple: D:4-7         Lair: D:8-11

Altars:
Cheibriados
Uskayaw

Shops:
D:2 (   D:3 [

Annotations:
D:4 Pikel
D:8 Harold


Innate Abilities, Weirdness & Mutations

You are too large for most types of armour.
You have claws for hands.
Your natural rate of healing is unusually fast.
You are covered in fur. (AC +1)
You have tough skin. (AC +1)


Message History

An acid dragon, an orc warrior, a cyclops, a wraith and a howler monkey come into view.
Found a cloak, glowing pearl dragon scales and a scroll of identify.
The acid dragon roars!
The orc warrior shouts!
The cyclops shouts!
A boulder beetle comes into view.
The acid dragon closely misses you.
The acid dragon claws you but does no damage.
The orc warrior barely misses you. The acid dragon spits acid at you.
The splash of acid hits you! You resist.
You hear a shout!
A troll comes into view.
Press: ? - help, v - describe, . - travel
Here: a troll The floor.
The acid dragon bites you! You block the acid dragon's attack.
The orc warrior barely misses you.
You feel very mighty all of a sudden. You block the acid dragon's attack.
The acid dragon completely misses you. You block the orc warrior's attack.
You barely miss the troll. The troll bites you but does no damage.
The troll barely misses you. The troll closely misses you.
The acid dragon bites you!
The acid dragon claws you but does no damage.
The orc warrior hits you but does no damage.
You scratch the troll.
The troll is lightly wounded.
The troll bites you! The troll claws you but does no damage.
The troll claws you. The acid dragon spits acid at you.
The splash of acid hits you. You resist. The acid corrodes you!
The orc warrior hits you from afar with a +0 halberd!
As you read the scroll labelled OSHRUB ZAWN, it crumbles to dust.
The creatures around you are filled with an inner flame!
It was a scroll of immolation.
You block the troll's attack. x2
The troll barely misses you. The acid dragon bites you.
* * * LOW HITPOINT WARNING * * *
The acid dragon claws you.
* * * LOW HITPOINT WARNING * * *
The orc warrior hits you from afar with a +0 halberd!!
You die...

###..# . ##..#
####+######.. ###..#.#
............###.W###.o#
..........###..#B# .#..
........###..#)#C#
C###.
......###..#.#.#o#
W#[###.
+##...)..#.#.#.#D#
h...[##
#...###..#.#.#@#
B#?###.
#.....###..#.#T#
#.......###..#.#
#.........###..# ..#
#...........###. #.#..
#....####.....## #.#..
#....# #......### .#
..#?. #....#
#......).###...# #.#..
#....#
#....#.)...###...##.#..


You could see a boulder beetle (inner flame), a cyclops (inner flame), a troll
(inner flame), a wraith (inner flame), an orc warrior (inner flame) and an acid
dragon (inner flame, catching breath).

Vanquished Creatures
  Sigmund (D:2)
  An acid dragon (D:4)
  A water moccasin (D:7)
  An ice beast (D:7)
  An orc warrior (D:7)
  2 lemures (D:5)
  A bullfrog (D:7)
  A kobold brigand (D:7)
  A howler monkey (D:5)
  2 orc priests
  A hound (D:5)
  Natasha (thrice) (D:3)
  An iguana (D:7)
  5 orc wizards (D:7)
  4 adders
  3 gnolls
  A white imp (D:7)
  2 ufetubi
  2 worms (D:2)
  2 dart slugs
  14 orcs
  5 ball pythons
  An endoplasm (D:3)
  4 giant cockroaches
  6 goblins
  2 hobgoblins (D:2)
  4 jackals
  3 kobolds
  A quokka (D:3)
  3 bats (D:2)
  2 frilled lizards (D:3)
  5 rats
86 creatures vanquished.

Vanquished Creatures (others)
  9 plants (D:8)
9 creatures vanquished.

Grand Total: 95 creatures vanquished

Notes
Turn   | Place    | Note
-------+----------+-------------------------------------------
     0 | D:1      | Rennog the Troll Fighter began the quest for the Orb.
     0 | D:1      | Reached XP level 1. HP: 22/22 MP: 0/0
   122 | D:1      | Reached XP level 2. HP: 29/29 MP: 1/1
   466 | D:2      | Found Muzar's Weapon Shop.
   512 | D:2      | Reached XP level 3. HP: 32/36 MP: 2/2
   751 | D:2      | Reached skill level 3 in Unarmed Combat
   822 | D:2      | Noticed Sigmund
   906 | D:2      | Found a hide-covered altar of Uskayaw.
  1139 | D:3      | Noticed Natasha
  1144 | D:3      | Killed Natasha
  1145 | D:3      | Reached XP level 4. HP: 43/45 MP: 3/3
  1225 | D:3      | Noticed Natasha
  1243 | D:3      | Killed Natasha
  1563 | D:3      | Found Vep Kutt's Armour Shoppe.
  1776 | D:4      | Reached XP level 5. HP: 49/53 MP: 4/4
  1778 | D:4      | Reached skill level 4 in Unarmed Combat
  1855 | D:4      | Noticed an acid dragon
  1872 | D:4      | Killed an acid dragon
  1873 | D:4      | Reached XP level 6. HP: 16/61 MP: 5/5
  1893 | D:3      | Noticed Natasha
  1898 | D:3      | Killed Natasha
  1920 | D:2      | Killed Sigmund
  1921 | D:2      | Reached skill level 5 in Unarmed Combat
  2285 | D:4      | Noticed Pikel
  2288 | D:4      | Reached skill level 1 in Armour
  2298 | D:5      | Entered Level 5 of the Dungeon
  2352 | D:5      | Reached XP level 7. HP: 40/68 MP: 6/6
  2425 | D:5      | You fall into a shaft and drop 3 floors!
  2425 | D:8      | Noticed Harold
  2429 | D:8      | Noticed a yak
  2429 | D:8      | Noticed a wyvern
  2429 | D:8      | Noticed a wyvern
  2429 | D:8      | Noticed a yak
  2429 | D:8      | Noticed a yak
  2434 | D:8      | Noticed a yak
  2465 | D:7      | Found a snail-covered altar of Cheibriados.
  2471 | D:7      | Became a worshipper of Cheibriados the Contemplative
  2572 | D:7      | Reached skill level 6 in Unarmed Combat
  2743 | D:7      | Reached XP level 8. HP: 79/79 MP: 7/7
  2810 | D:7      | Noticed a cyclops
  2810 | D:7      | Noticed a boulder beetle
  2816 | D:7      | Noticed a troll
  2822 | D:7      | Slain by an orc warrior

Illustrated notes

Levels and vault maps discovered:
D:1:      amcnicky_arrival_choice, layout_rooms, chequers_serial_rivers_micro_b
D:2:      layout_basic, basic_altar, serial_shops, shop, minivault_27,
          minmay_misc_feat_rows, minmay_misc_feat_four_crosses, uniq_sigmund
D:3:      layout_basic, serial_shops, shop, kennysheep_nondescript, uniq_natasha
D:4:      layout_basic, grunt_temple_overflow_order_and_chaos_1,
          grunt_ministairs_11, uniq_pikel
D:5:      layout_cave_pods
D:7:      minmay_the_grid_triangle_9x9_recursive_2
          [minmay_the_grid_triangle_9x9_prize_top_heavy,
          minmay_the_grid_triangle_9x9_windchime,
          minmay_the_grid_triangle_9x9_descending_squares,
          minmay_the_grid_triangle_9x9_flanged_cone], layout_gridville,
          cheibriados_altar_1, nicolae_ossuary_entry_monument
D:8:      minmay_weird_star, layout_basic, beargit_hepliaklqana_dungeon_heroes,
          minmay_lair_entry_grove, uniq_harold

Skill      XL: |  1  2  3  4  5  6  7 |
---------------+----------------------+-----
Unarmed Combat | 3 4 5 6 |  6.8
Fighting       | 3 4 |  4.5
Dodging        | 3 4 |  4.5
Armour         | 1 2 |  2.4
Shields        | |  2.4

Action                   |  1- 3 |  4- 6 |  7- 9 || total
-------------------------+-------+-------+-------++-------
Melee: Unarmed           |    85 |   141 |   102 ||   328
  Use: Scroll            |       |       |     5 ||     5
       Potion            |       |       |     3 ||     3
 Stab: Sleeping          |     1 |     1 |       ||     2
Armor: Robe              |    25 |    16 |       ||    41
       Acid dragon scale |       |    26 |    65 ||    91
Dodge: Dodged            |    27 |    57 |    50 ||   134
Block: Kite shield       |    25 |    55 |    40 ||   120

Table legend: (Time is in decaauts)
 A = Elapsed time spent in this place.
 B = Non-inter-level travel time spent in this place.
 C = Inter-level travel time spent in this place.
 D = Time resting spent in this place.
 E = Time spent auto-exploring this place.
 F = Levels seen in this place.
 G = Mean time per level.
                   A        B        C        D        E       F      G
               +--------+--------+--------+--------+--------+-----+--------+
         Total |   2948 |   2588 |    360 |     28 |   1779 |   7 |  421.1 |
       Dungeon |   2948 |   2588 |    360 |     28 |   1779 |   7 |  421.1 |
               +--------+--------+--------+--------+--------+-----+--------+

Top non-repeatable levels by time:
     D:2: 893 daAuts
     D:3: 695 daAuts
     D:1: 488 daAuts
     D:7: 447 daAuts
     D:4: 258 daAuts
     D:5: 132 daAuts
     D:8: 33 daAuts
